 Dungeon Crawl Stone Soup version 0.28.0-53-g5a82cb258f (webtiles) character file.

Game seed: 16136681224195071216

1523 safid the Cleaver (level 8, -4/66 HPs)
             Began as a Hill Orc Fighter on Aug 5, 2022.
             Was a Follower of Beogh.
             Slain by an orc
             ... wielding a +0 hand axe
              (6 damage)
             ... on level 7 of the Dungeon.
             The game lasted 00:06:37 (6722 turns).

safid the Cleaver (Hill Orc Fighter)                Turns: 6722, Time: 00:06:38

Health: -4/66      AC:  8    Str: 27    XL:     8   Next: 84%
Magic:  8/8        EV:  9    Int:  8    God:    Beogh [*.....]
Gold:   311        SH:  0    Dex: 10    Spells: 7/7 levels left

rFire   . . .      SeeInvis .   a - +0 war axe
rCold   . . .      Faith    .   c - +0 buckler
rNeg    . . .      Spirit   .   b - +0 scale mail
rPois   .          Reflect  .   r - +0 helmet
rElec   .          Harm     .   (no cloak)
rCorr   .          Rampage  .   (no gloves)
Will    .....                   (no boots)
Stlth   ..........              (no amulet)
HPRegen 0.21/turn               y - +6 ring of strength
MPRegen 0.11/turn               (no ring)

@: confused
A: no striking features
a: Renounce Religion


You were on level 7 of the Dungeon.
You worshipped Beogh.
Beogh was aware of your devotion.
You visited 1 branch of the dungeon, and saw 7 of its levels.

You collected 311 gold pieces.

Inventory:

Hand Weapons
 a - a +0 war axe (weapon)
Missiles
 g - 2 poisoned darts (quivered)
Armour
 b - a +0 scale mail (worn)
 c - a +0 buckler (worn)
 r - a +0 helmet (worn)
Jewellery
 y - a +6 ring of strength (left hand)
Wands
 o - a wand of mindburst (8)
 p - a wand of acid (18)
 w - a wand of iceblast (14)
Scrolls
 d - 2 scrolls of blinking
 e - 2 scrolls of magic mapping
 n - a scroll of summoning {unknown}
 q - a scroll of amnesia {unknown}
 t - 2 scrolls of holy word {unknown}
 v - a scroll of enchant armour {unknown}
Potions
 f - 3 potions of ambrosia
 i - 3 potions of cancellation
 j - 3 potions of flight
 l - a potion of haste
 m - a potion of heal wounds
 x - a potion of curing


   Skills:
 - Level 4.0 Fighting
 + Level 13.4 Axes
 - Level 4.0 Armour
 - Level 4.0 Shields


You had 7 spell levels left.
You didn't know any spells.
Your spell library was empty.

Dungeon Overview and Level Annotations

Branches:
Dungeon (7/15)             Temple (0/1) D:6

Altars:
Cheibriados
Dithmenos
Fedhas
Hepliaklqana
Uskayaw
Vehumet
Xom
Zin


Message History

The orc warrior hits you but does no damage.
Something hits you but does no damage.
You hit the orc warrior.
The orc warrior is severely wounded.
You miss something.
The orc warrior hits you with a +0 glaive.
You are too injured to fight recklessly!
You are too injured to fight recklessly!
You are too injured to fight recklessly!
You are too injured to fight recklessly!
You are too injured to fight recklessly!
You are too injured to fight recklessly!
You are too injured to fight recklessly!
You are too injured to fight recklessly!
You are too injured to fight recklessly!
You are too injured to fight recklessly!
You are too injured to fight recklessly!
You are too injured to fight recklessly!
You are too injured to fight recklessly!
You are too injured to fight recklessly!
You are too injured to fight recklessly!
You are too injured to fight recklessly!
You are too injured to fight recklessly!
You are too injured to fight recklessly!
Unknown command.
The orc hits you with a +0 hand axe.
The orc warrior hits you from afar with a +0 glaive!
* * * LOW HITPOINT WARNING * * *
You hear some strange, mumbled words.
You are confused.
You bump into the rock wall.
You bump into the rock wall.
The orc hits you with a +0 hand axe.
* * * LOW HITPOINT WARNING * * *
The orc warrior hits you from afar with a +0 glaive!
* * * LOW HITPOINT WARNING * * *
You hear some strange, mumbled words.
Something tries to affect you, but you resist.
The orc hits you with a +0 hand axe.
You die...
Beogh appreciates the orc's killing of a heretic priest.

#..# #..# ..
#..# ..# #..#
#..>
##..#.#[##
#.o)......
##.##.#.##
#.o..# ####
#.@###### ....
#......... ...
#.######## #..
#.# #.. #.#
#.. #.# #..
#.# #.. #.# #
#.# #.#
##########.#.#


You could see an orc warrior and an orc.

Vanquished Creatures
  2 ice beasts
  A black bear (D:6)
  2 necrophages
  An ogre (D:3)
  A kobold brigand (D:7)
  A phantom (D:4)
  3 scorpions
  5 killer bees (D:7)
  An orc priest (D:3)
  2 hounds (D:5)
  A jelly (D:6)
  2 bullfrog skeletons (D:6)
  A centaur skeleton (D:4)
  2 iguanas
  Robin (D:4)
  A gnoll (D:4)
  6 adders
  An ufetubus (D:5)
  5 worms
  A dart slug (D:1)
  13 orcs
  3 bats
  10 endoplasms
  4 giant cockroaches
  10 goblins
  11 hobgoblins
  10 kobolds
  6 quokkas
  6 ball pythons
  3 frilled lizards
  8 rats
124 creatures vanquished.

Notes
Turn   | Place    | Note
-------+----------+-------------------------------------------
     0 | D:1      | safid the Hill Orc Fighter began the quest for the Orb.
     0 | D:1      | Reached XP level 1. HP: 19/19 MP: 1/1
   225 | D:1      | Reached XP level 2. HP: 27/27 MP: 2/2
   227 | D:1      | Reached skill level 3 in Axes
   660 | D:1      | Reached XP level 3. HP: 33/33 MP: 3/3
   758 | D:1      | Found a faded altar of an unknown god.
  1837 | D:2      | Reached XP level 4. HP: 40/40 MP: 4/4
  2080 | D:2      | Reached skill level 4 in Axes
  2238 | D:3      | Found a snail-covered altar of Cheibriados.
  2593 | D:3      | Became a worshipper of Beogh the Brigand
  2602 | D:3      | Reached skill level 5 in Axes
  2610 | D:3      | Reached XP level 5. HP: 12/46 MP: 5/5
  2860 | D:3      | Noticed an ogre
  2864 | D:3      | Killed an ogre
  2865 | D:3      | Reached skill level 6 in Axes
  2865 | D:3      | Reached XP level 6. HP: 45/52 MP: 6/6
  2919 | D:3      | Found a blossoming altar of Fedhas.
  3139 | D:4      | Reached skill level 7 in Axes
  3218 | D:4      | Found a shadowy altar of Dithmenos.
  3218 | D:4      | Found a glowing silver altar of Zin.
  3235 | D:4      | Noticed a necrophage
  3247 | D:4      | Killed a necrophage
  3248 | D:4      | Reached skill level 8 in Axes
  3412 | D:4      | Found a hazy altar of Hepliaklqana.
  3436 | D:4      | Reached XP level 7. HP: 59/59 MP: 7/7
  3719 | D:4      | Noticed Robin
  3732 | D:4      | Reached * piety under Beogh
  3739 | D:4      | Killed Robin
  4068 | D:4      | Reached skill level 9 in Axes
  4221 | D:4      | Found a radiant altar of Vehumet.
  4268 | D:5      | Entered Level 5 of the Dungeon
  4573 | D:5      | Reached skill level 10 in Axes
  5089 | D:6      | Found a staircase to the Ecumenical Temple.
  5133 | D:6      | Reached XP level 8. HP: 55/66 MP: 8/8
  5216 | D:6      | Reached skill level 11 in Axes
  5553 | D:6      | Found a shimmering altar of Xom.
  6025 | D:7      | Reached skill level 12 in Axes
  6560 | D:7      | Found a hide-covered altar of Uskayaw.
  6574 | D:7      | Reached skill level 13 in Axes
  6721 | D:7      | HP: 2/66 [orc warrior/+0 glaive (8)]
  6722 | D:7      | Slain by an orc

Illustrated notes

Levels and vault maps discovered:
D:1:      evilmike_arrival_rings, layout_basic, serial_aquarium,
          aquarium_bridge_long_joined [aquarium_subvault_window,
          aquarium_subvault_bridge, aquarium_subvault_wall,
          aquarium_subvault_bridge, aquarium_subvault_wall,
          aquarium_subvault_wall], aquarium_bridge_straight
          [aquarium_subvault_bridge, aquarium_subvault_window,
          aquarium_subvault_bridge, aquarium_subvault_wall],
          aquarium_window_fake, aquarium_window_corridor_3, aquarium_window_1,
          aquarium_view_2f, aquarium_view_2b, aquarium_balcony_3a,
          aquarium_pool_2, hellmonk_ecumenical_altar_heavens_door
D:2:      layout_rooms, serial_curves, eino_curves_03, eino_curves_03
D:3:      layout_rooms, mainiacjoe_overflow_alcove_4, mainiacjoe_overflow_paths
D:4:      layout_loops_corners, kennysheep_mini_moat, kennysheep_little_box,
          gammafunk_temple_overflow_statue, hangedman_decor_lopped,
          minmay_close_crescents, uniq_robin
D:5:      layout_rooms
D:6:      layout_rooms, lemuel_tele_altar, minmay_temple_entry_crystal_x
D:7:      layout_basic, mainiacjoe_overflow_cross_hatched,
          nicolae_uskayaw_dance_studio, kennysheep_generic_room_9

Skill      XL: |  1  2  3  4  5  6  7  8 |
---------------+-------------------------+-----
Axes           | 3 5 6 8 10 13 | 13.4
Fighting       | 4 |  4.0
Armour         | 4 |  4.0
Shields        | 4 |  4.0

Action                   |  1- 3 |  4- 6 |  7- 9 || total
-------------------------+-------+-------+-------++-------
Melee: War axe           |   102 |   113 |   186 ||   401
Invok: Convert to Beogh  |       |     1 |       ||     1
  Use: Potion            |       |     1 |     4 ||     5
       Scroll            |       |       |     8 ||     8
Armor: Scale mail        |    42 |    44 |    82 ||   168
Dodge: Dodged            |    51 |    49 |    79 ||   179
Block: Buckler           |    23 |    26 |    23 ||    72
